Construct Section Command Post
Selects Canadian Shock Battlegroup
Construct Platoon Command Post
Selects Incendiary Munitions
Construct Field Infirmary
Selects Canadian Shock Section
Construct Company Command Post
6-pounder Anti-tank Gun Team
Selects Churchill Crocodile Heavy Tank
Selects Churchill Crocodile Heavy Tank
Churchill Crocodile Heavy Tank
6-pounder Anti-tank Gun Team
Unlock M3 Grant Medium Tanks